 Dungeon Crawl Stone Soup version 0.27.0-1-g7a089689b8 (webtiles) character file.

Game seed: 14514510309948813151

1052 Sin92 the Skirmisher (level 8, -2/70 HPs)
             Began as a Minotaur Fighter on Aug 5, 2021.
             Slain by a killer bee (4 damage)
             ... on level 7 of the Dungeon.
             The game lasted 00:04:50 (4292 turns).

Sin92 the Skirmisher (Minotaur Fighter)             Turns: 4292, Time: 00:04:51

Health: -2/70      AC:  8    Str: 21    XL:     8   Next: 5%
Magic:  7/7        EV: 10    Int:  5    God:
Gold:   1439       SH: 10    Dex: 12    Spells: 7/7 levels left

rFire    . . .     SeeInvis .   h - +3 whip
rCold    . . .     Faith    .   c - +0 kite shield
rNeg     . . .     Spirit   .   i - +1 acid dragon scales
rPois    .         Reflect  .   (helmet restricted)
rElec    .         Harm     .   (no cloak)
rCorr    +         Rampage  .   (no gloves)
Will     .....                  (no boots)
Stlth    +.........             (no amulet)
HPRegen  0.21/turn              (no ring)
MPRegen  0.10/turn              (no ring)

@: brilliant, lethally poisoned (-2 -> -5)
A: horns 2, retaliatory headbutt
a: no special abilities


You were on level 7 of the Dungeon.
You visited 1 branch of the dungeon, and saw 5 of its levels.

You collected 1439 gold pieces.

Inventory:

Hand Weapons
 a - a +0 war axe
 h - a +3 whip (weapon)
Armour
 b - a +0 scale mail
 c - a +0 kite shield (worn)
 i - +1 acid dragon scales (worn)
Jewellery
 d - a ring of positive energy
 o - a ring of ice
 q - a +6 ring of strength
Wands
 n - a wand of flame (20)
Scrolls
 f - a scroll of identify {unknown}
 g - a scroll of amnesia
 j - 4 scrolls of blinking
 k - 3 scrolls of teleportation
 l - 2 scrolls of enchant armour
 m - a scroll of holy word {unknown}
Potions
 e - a potion of magic {unknown}


   Skills:
 + Level 5.9 Fighting
 + Level 5.3(5.9) Axes
 + Level 3.9(5.2) Maces & Flails
 + Level 5.8 Armour
 + Level 4.0 Dodging
 + Level 5.7 Shields


You had 7 spell levels left.
You didn't know any spells.
Your spell library contained the following spells:

 Spells                   Type           Power      Damage    Failure   Level
 Animate Skeleton         Necr           0%         N/A       91%         1
 Beastly Appendage        Tmut           0%         N/A       91%         1
 Magic Dart               Conj           0%         1d3       91%         1
 Sting                    Tmut/Pois      0%         1d3       91%         1
 Poisonous Vapours        Pois/Air       0%         N/A       97%         2
 Gell's Gravitas          Tloc           0%         N/A       100%        3
 Teleport Other           Tloc           0%         N/A       100%        3
 Olgreb's Toxic Radiance  Pois           0%         N/A       100%        4
 Dispersal                Tloc           0%         N/A       100%        6


Dungeon Overview and Level Annotations

Branches:
Dungeon (4/15)             Temple (0/1) D:4

Altars:

Shops:
D:7 ?


Innate Abilities, Weirdness & Mutations

You have a pair of horns on your head.
You reflexively headbutt those who attack you in melee.


Message History

You feel sick. The killer bee stings you.
* * * LOW HITPOINT WARNING * * *
The killer bee stings you but does no damage.
Unknown command.
You hit the killer bee.
You kill the killer bee!
You feel sick. You block the killer bee's attack.
Your Dodging skill increases to level 4!
You completely miss the killer bee. You headbutt the killer bee.
The killer bee is lightly wounded.
You feel sick. The killer bee stings you.
* * * LOW HITPOINT WARNING * * *
You are more poisoned.
The killer bee poisons you! The killer bee closely misses you.
Unknown command.
You miss the killer bee.
The killer bee is lightly wounded.
You feel sick. The killer bee barely misses you. You furiously retaliate!
You headbutt the killer bee, but do no damage.
You block the killer bee's attack. The killer bee stings you.
* * * LOW HITPOINT WARNING * * *
You miss the killer bee. Your headbutt misses the killer bee.
The killer bee is lightly wounded.
* * * LOW HITPOINT WARNING * * *
You feel sick. You block the killer bee's attack. The killer bee stings you.
* * * LOW HITPOINT WARNING * * *
You hit the killer bee.
The killer bee is lightly wounded.
* * * LOW HITPOINT WARNING * * *
You feel sick. You block the killer bee's attack. x2
Unknown command.
It was a potion of cancellation.
You feel magically purged.
* * * LOW HITPOINT WARNING * * *
You feel sick. You block the killer bee's attack.
The killer bee stings you but does no damage.
It was a potion of brilliance.
You feel clever all of a sudden.
* * * LOW HITPOINT WARNING * * *
You feel sick. The killer bee stings you.
You die...

#.###.......# #.. ##
#.# #######.########
#.# #.........#. #.#
#.#####..... #.# #.#
..# #.# #.# .(# #.#
#.#####..### #.#
#######...........
#.# #....@y.......>##
##.###.########.#####
#......# #.# ##.#####
##.## ### #...#####
#.#.....# #...###.#
##### #.# #.#


You could see a killer bee.

Vanquished Creatures
  A black bear (D:4)
  An orc warrior (D:7)
  An ogre (D:4)
  A centaur (D:7)
  A kobold brigand (D:7)
  A scorpion (D:4)
  4 killer bees (D:7)
  2 orc priests (D:3)
  A centaur skeleton (D:7)
  2 gnoll shamans (D:4)
  Ijyb (D:2)
  An orc wizard (D:7)
  8 gnolls
  3 adders
  An adder skeleton (D:4)
  2 dart slugs
  9 orcs
  4 bats
  10 endoplasms
  4 giant cockroaches
  11 goblins
  9 hobgoblins
  4 jackals
  3 quokkas
  7 ball pythons
  4 frilled lizards
  13 kobolds
  12 rats
121 creatures vanquished.

Notes
Turn   | Place    | Note
-------+----------+-------------------------------------------
     0 | D:1      | Sin92 the Minotaur Fighter began the quest for the Orb.
     0 | D:1      | Reached XP level 1. HP: 19/19 MP: 0/0
   199 | D:1      | Reached XP level 2. HP: 27/27 MP: 1/1
   209 | D:1      | Found a faded altar of an unknown god.
   339 | D:1      | Reached skill level 1 in Dodging
   489 | D:1      | Reached XP level 3. HP: 28/33 MP: 2/2
  1228 | D:2      | Noticed Ijyb
  1235 | D:2      | Killed Ijyb
  1236 | D:2      | Reached XP level 4. HP: 36/40 MP: 3/3
  1416 | D:2      | Reached skill level 1 in Maces & Flails
  1892 | D:3      | Reached XP level 5. HP: 23/47 MP: 4/4
  2794 | D:4      | Noticed a black bear
  2804 | D:4      | Killed a black bear
  2805 | D:4      | Reached XP level 6. HP: 32/55 MP: 5/5
  3339 | D:4      | Reached skill level 5 in Fighting
  3609 | D:4      | Identified a scroll of acquirement
  3609 | D:4      | Acquired 1219 gold pieces
  3690 | D:4      | Reached skill level 5 in Armour
  3699 | D:4      | Reached skill level 5 in Shields
  3787 | D:4      | Reached XP level 7. HP: 39/61 MP: 6/6
  3873 | D:4      | You fall into a shaft and drop 3 floors!
  3873 | D:7      | Found the +3 Elemental Staff {rElec rF++ rC++ Will++ AC+5}
  4140 | D:7      | Reached skill level 5 in Axes
  4159 | D:7      | Found Zoilimis's Magic Scroll Shoppe.
  4206 | D:7      | Got An Introduction to Thaumaturgy
  4284 | D:7      | Reached XP level 8. HP: 22/70 MP: 7/7
  4291 | D:7      | HP: 3/70 [poisoned by a killer bee]
  4292 | D:7      | Slain by a killer bee

Illustrated notes

Levels and vault maps discovered:
D:1:      elethiomel_arrival_diamonds, layout_loops_ring,
          shapermc_ecumenical_altar_totnotflames
D:2:      kennysheep_the_goblin_king, layout_basic
D:3:      layout_basic
D:4:      layout_loops_ring, minmay_temple_entry_fiery
D:7:      layout_loops_ring, serial_shops, nicolae_shop_trees, hex_medium,
          chequers_jeans

Skill      XL: |  1  2  3  4  5  6  7  8 |
---------------+-------------------------+-----
Dodging        | 1 2 3 4 |  4.0
Axes           | 3 4 5 |  5.3
Armour         | 4 5 |  5.8
Shields        | 4 5 |  5.7
Fighting       | 4 5 |  5.9
Maces & Flails | 1 2 3 |  3.9

Action                   |  1- 3 |  4- 6 |  7- 9 || total
-------------------------+-------+-------+-------++-------
Melee: War axe           |    59 |       |       ||    59
       Headbutt          |    10 |    27 |    15 ||    52
       Whip              |    26 |   140 |    76 ||   242
  Use: Potion            |       |     3 |     3 ||     6
       Scroll            |       |     8 |     1 ||     9
Armor: Scale mail        |    21 |       |       ||    21
       Acid dragon scale |    17 |    54 |    20 ||    91
Dodge: Dodged            |    43 |    77 |    38 ||   158
Block: Kite shield       |    47 |    90 |    48 ||   185
